 Dungeon Crawl Stone Soup version 0.21.0-24-g2553a33 (webtiles) character file.

18 Monsterracer the Magician (level 2, -2/17 HPs)
             Began as a Deep Elf Transmuter on Jan 19, 2018.
             Slain by a hobgoblin (3 damage)
             ... on level 1 of the Dungeon.
             The game lasted 00:01:32 (935 turns).

Monsterracer the Magician (Deep Elf Transmuter)      Turns: 935, Time: 00:01:33

Health: -2/17      AC:  2    Str:  7    XL:     2   Next: 48%
Magic:  7/8        EV: 13    Int: 17    God:
Gold:   20         SH:  0    Dex: 15    Spells: 6/7 levels left

rFire    + . .     SeeInvis .     - Unarmed
rCold    + . .     Gourm    .   (no shield)
rNeg     . . .     Faith    +   b - +0 robe
rPois    +         Spirit   .   (no helmet)
rElec    +         Reflect  .   (no cloak)
rCorr    +         Harm     .   (no gloves)
MR       .....     Clarity  +   (no boots)
Stlth    +.........             k - amulet of faith
HPRegen  0.05/turn              (no ring)
MPRegen  0.11/turn              (no ring)

@: resistant, very slightly contaminated
A: clarity, robust 1, evolution 1
a: no special abilities


You were on level 1 of the Dungeon.
You were not hungry.

You visited 1 branch of the dungeon, and saw 1 of its levels.

You collected 20 gold pieces.

Inventory:

Missiles
 a - 12 arrows
Armour
 b - a +0 robe (worn)
Jewellery
 k - an amulet of faith (around neck)
Scrolls
 e - 3 scrolls of enchant armour {unknown}
 f - a scroll of teleportation {unknown}
 g - a scroll of remove curse {unknown}
 i - a scroll of identify {unknown}
Books
 d - a book of Changes

   Spells                             Type                      Level
   a - Beastly Appendage              Transmutation                1
   b - Sticks to Snakes               Transmutation                2
   c - Spider Form                    Transmutation/Poison         3
   d - Ice Form                       Ice/Transmutation            4
   e - Blade Hands                    Transmutation                5
Comestibles
 c - 2 rations


   Skills:
 * Level 1.3 Fighting
 - Level 2.4 Dodging
 - Level 2.4 Unarmed Combat
 + Level 3.3 Spellcasting
 * Level 2.8 Transmutations


You had 6 spell levels left.
You knew the following spells:

 Your Spells              Type           Power        Failure   Level  Hunger
a - Beastly Appendage     Tmut           ##....       5%          1    None


Dungeon Overview and Level Annotations

Branches:
Dungeon (1/15)

Altars:


Innate Abilities, Weirdness & Mutations

You possess an exceptional clarity of mind.
You are robust. (+10% HP)
You evolve.


Message History

k - an amulet of faith (around neck)
Your transformation is almost over.
You now have 20 gold pieces (gained 6).
Your talons disappear.
A bat comes into view.
Health restored: 16; MP restored: 8 A bat is nearby!
A bat is nearby!
A frilled lizard comes into view.
The bat closely misses you.
A rat and a hobgoblin come into view.
The hobgoblin shouts!
The frilled lizard hisses angrily.
You hear a shout!
The bat closely misses you.
Found 19 sling bullets and a robe.
A bat and a hobgoblin come into view.
You hit the bat but do no damage. The bat hits you but does no damage.
The frilled lizard bites you.
You take 2 damage, and have 14/16 hp.
You barely miss the frilled lizard. The bat misses you.
The frilled lizard barely misses you.
You hit the bat but do no damage. The bat barely misses you.
The bat closely misses you. The frilled lizard closely misses you.
You closely miss the bat. The bat hits you but does no damage.
The bat closely misses you. The frilled lizard bites you.
You take 2 damage, and have 12/16 hp.
The bat hits you. The bat barely misses you.
You take 1 damage, and have 11/16 hp.
The bat hits you.
You take 1 damage, and have 10/16 hp.
The bat hits you.
You take 1 damage, and have 9/16 hp.
Casting: Beastly Appendage
Confirm with . or Enter, or press ? or * to list all spells.
You grow a pair of large bovine horns.
The bat hits you but does no damage.
You now have 7/8 mp.
You hit the bat but do no damage. The bat closely misses you. The bat hits you.
* * * LOW HITPOINT WARNING * * *
You take 1 damage, and have 8/16 hp.
You closely miss the bat. The bat misses you. The bat closely misses you.
You hit the bat.
The bat is heavily wounded.
The bat hits you but does no damage. The bat hits you.
* * * LOW HITPOINT WARNING * * *
You take 1 damage, and have 7/16 hp.
You closely miss the bat.
The bat is heavily wounded.
The bat closely misses you.
The frilled lizard hisses.
Unknown command.
You barely miss the bat.
The bat is heavily wounded.
The bat hits you.
* * * LOW HITPOINT WARNING * * *
You take 1 damage, and have 7/16 hp.
You hit the bat.
You kill the bat!
The bat closely misses you.
Unknown command.
You barely miss the bat.
Your transformation is almost over.
The bat hits you but does no damage.
The frilled lizard hisses.
The bat hits you but does no damage.
You closely miss the bat. The bat closely misses you.
Unknown command.
You hit the bat but do no damage. The bat hits you.
* * * LOW HITPOINT WARNING * * *
You take 1 damage, and have 6/16 hp.
MP restored: 8 You completely miss the bat.
The bat barely misses you.
You hit the bat.
You kill the bat!
You hit the hobgoblin.
The hobgoblin is severely wounded.
The hobgoblin hits you.
* * * LOW HITPOINT WARNING * * *
You take 3 damage, and have 3/16 hp.
Your horns disappear.
Okay, then.
Okay, then.
Found 11 gold pieces.
You see here a frilled lizard corpse.
Casting: Beastly Appendage
Confirm with . or Enter, or press ? or * to list all spells.
You miscast Beastly Appendage.
You are very lightly contaminated with residual magic.
You feel a strange surge of energy! The hobgoblin hits you.
* * * LOW HITPOINT WARNING * * *
You take 3 damage, and have 2/16 hp.
You now have 7/8 mp.
It was a potion of resistance.
You feel protected. The hobgoblin hits you.
* * * LOW HITPOINT WARNING * * *
You take 1 damage, and have 1/16 hp.
It was a potion of mutation.
You feel extremely strange.
Your thoughts seem clearer.
You feel nature experimenting on you.
Don't worry, failures die fast.
You feel robust. The hobgoblin hits you.
You die...

######### #.......#
#.......#
#......)####
#..........#
###.....##.# ###
##...#####.#
..####### ######@...#
#.#
#...l...###.l.rg.#..#
##.#####
#######..g.†.#####..#
#......#
#######...##)....#..#
#......#
....................#
#......#
....................#
#......#
##########..........#
#......#
#############.......#
#...>..# #.......###
##......# ##...†..#


You could see 2 hobgoblins, a frilled lizard and a rat.

Vanquished Creatures
  A dart slug (D:1)
  5 bats (D:1)
  A giant cockroach (D:1)
  3 goblins (D:1)
  A hobgoblin (D:1)
  A frilled lizard (D:1)
  A kobold (D:1)
  A rat (D:1)
14 creatures vanquished.

Notes
Turn   | Place    | Note
-------+----------+-------------------------------------------
     0 | D:1      | Monsterracer the Deep Elf Transmuter began the quest for the Orb.
     0 | D:1      | Reached XP level 1. HP: 11/11 MP: 6/6
   225 | D:1      | HP: 5/11 [kobold/dagger (2)]
   227 | D:1      | Reached skill level 1 in Fighting
   239 | D:1      | HP: 4/12 [bat (1)]
   249 | D:1      | HP: 4/12 [bat (1)]
   525 | D:1      | Reached XP level 2. HP: 10/16 MP: 8/8
   531 | D:1      | HP: 8/16 [rat (1)]
   886 | D:1      | HP: 8/16 [bat (1)]
   894 | D:1      | HP: 6/16 [bat (1)]
   931 | D:1      | HP: 2/16 [hobgoblin (3)]
   935 | D:1      | Gained mutation: You possess an exceptional clarity of mind. [potion of mutation]
   935 | D:1      | Gained mutation: You evolve. [potion of mutation]
   935 | D:1      | Gained mutation: You are robust. (+10% HP) [potion of mutation]
   935 | D:1      | Slain by a hobgoblin

Skill      XL: |  1 |
---------------+----+-----
Fighting       | 1 |  1.3
Dodging        | |  2.4
Unarmed Combat | |  2.4
Spellcasting   | |  3.3
Transmutations | |  2.8

Action                   || total
-------------------------++-------
Melee: Unarmed           ||    98
       Headbutt          ||     6
       Kick              ||     2
       Punch             ||     2
 Cast: Beastly Appendage ||     8
  Use: Potion            ||     2
Armor: Robe              ||    42
Dodge: Dodged            ||   100

Vault maps used:
D:1:      dpeg_arrival_concentric_ovals
